 Dungeon Crawl Stone Soup version 0.26-a0-665-gefeb406119 (webtiles) character file.

Game seed: 3565655284963076016

122 CowFu the Slasher (level 4, -1/38 HPs)
             Began as a Draconian Monk on Oct 13, 2020.
             Was an Initiate of Ru.
             Splashed by Ijyb's acid (16 damage)
             ... on level 3 of the Dungeon.
             The game lasted 00:02:42 (1928 turns).

CowFu the Slasher (Draconian Monk)                  Turns: 1928, Time: 00:02:43

Health: -1/38      AC:  6    Str: 19    XL:     4   Next: 78%
Magic:  4/4        EV: 13    Int: 11    God:    Ru [......]
Gold:   91         SH:  0    Dex: 14    Spells: 3/3 levels left

rFire    + . .     SeeInvis .   a - +0 falchion
rCold    . . .     Faith    .   (no shield)
rNeg     . . .     Spirit   .   (armour unavailable)
rPois    .         Reflect  .   (helmet restricted)
rElec    .         Harm     .   (no cloak)
rCorr    .         Rampage  .   (no gloves)
MR       .....                  b - +0 pair of boots
Stlth    ..........             (no amulet)
HPRegen  0.12/turn              r - ring of protection from fire
MPRegen  0.09/turn              g - +6 ring of strength

@: no status effects
A: unfitting armour, cold-blooded, no stealth, AC +5
a: Renounce Religion


You were on level 3 of the Dungeon.
You worshipped Ru.
Ru was noncommittal.
You visited 1 branch of the dungeon, and saw 3 of its levels.

You collected 91 gold pieces.

Inventory:

Hand Weapons
 a - a +0 falchion (weapon)
 k - a +0 dagger of protection
Armour
 b - a +0 pair of boots (worn)
Jewellery
 e - an uncursed ring of resist corrosion
 g - a +6 ring of strength (right hand)
 l - an uncursed ring of protection from cold
 r - a ring of protection from fire (left hand)
Scrolls
 c - a scroll of enchant armour {unknown}
 f - a scroll of remove curse {unknown}
 h - a scroll of blinking {unknown}
 j - a scroll of amnesia {unknown}
 m - a scroll of teleportation {unknown}
 s - a scroll of identify {unknown}
Potions
 d - a potion of resistance {unknown}
 i - a potion of stabbing {unknown}
 o - a potion of magic {unknown}
 p - a potion of mutation {unknown}
 q - a potion of experience {unknown}


   Skills:
 - Level 3.2 Fighting
 + Level 5.6 Long Blades
 - Level 2.6 Dodging


You had 3 spell levels left.
You didn't know any spells.
Your spell library was empty.

Dungeon Overview and Level Annotations

Branches:
Dungeon (3/15)

Altars:
Ru
Wu Jian

Annotations:
D:3 Ijyb


Innate Abilities, Weirdness & Mutations

Your plain brown scales are hard. (AC +5)
You cannot fit into any form of body armour.
You are cold-blooded and may be slowed by cold attacks.
You cannot be stealthy.


Message History

You slash the goblin!
You kill the goblin!
A gnoll comes into view. It is wielding a -1 spear.
You barely miss the goblin.
Your tail-slap misses the goblin.
The goblin hits you. x2
You barely miss the goblin.
A goblin comes into view.
The goblin barely misses you.
You riposte.
You hit the goblin.
You kill the goblin!
A goblin comes into view. It is wielding a +0 dagger.
The goblin hits you but does no damage.
Things that are here:
a +0 dagger; a goblin corpse You closely miss the goblin.
The goblin barely misses you.
You slash the goblin!
You kill the goblin!
You hit Ijyb but do no damage. Ijyb hits you but does no damage.
You barely miss Ijyb.
Your tail-slap misses Ijyb.
Ijyb zaps a wand.
The bolt of acid hits you!
You are splashed with acid!
You die...

.###..#
##...#.##
.......#
...#..###
#.......
##..#..#
#.#####...#^.#
#ggg@)..#....##
#gg####...##..#
...g ##..###.#
.... ....# #.#
...
###..###.###.#
.# #.....)....#
#.####.#####
#.# #.# #.# #.#


You could see Ijyb, 2 gnolls and 3 goblins.

Vanquished Creatures
  An orc wizard (D:2)
  2 adders
  An ooze (D:1)
  A worm (D:2)
  3 dart slugs
  A leopard gecko (D:2)
  An orc (D:3)
  2 giant cockroaches (D:2)
  8 goblins
  10 hobgoblins
  8 jackals (D:2)
  3 kobolds
  A quokka (D:3)
  4 bats
  6 frilled lizards
  10 rats
62 creatures vanquished.

Notes
Turn   | Place    | Note
-------+----------+-------------------------------------------
     0 | D:1      | CowFu the Draconian Monk began the quest for the Orb.
     0 | D:1      | Reached XP level 1. HP: 19/19 MP: 1/1
   279 | D:1      | Reached XP level 2. HP: 25/26 MP: 2/2
   537 | D:1      | Reached skill level 4 in Long Blades
   627 | D:1      | Reached XP level 3. HP: 24/31 MP: 3/3
  1142 | D:2      | Found a sacrificial altar of Ru.
  1164 | D:2      | Became a worshipper of Ru the Awakened
  1179 | D:2      | Gained mutation: You cannot be stealthy. [Ru sacrifice]
  1238 | D:2      | Reached XP level 4. HP: 35/38 MP: 4/4
  1279 | D:2      | Reached skill level 5 in Long Blades
  1733 | D:2      | Found an ornate altar of the Wu Jian Council.
  1918 | D:3      | Noticed Ijyb
  1928 | D:3      | Splashed by Ijyb's acid

Illustrated notes

Levels and vault maps discovered:
D:1:      saegor_arrival_miasma, layout_basic, minmay_misc_feat_rugged
D:2:      layout_basic, marbit_many_paths, nicolae_ru_great_annihilating_truth
D:3:      layout_loops_ring, uniq_ijyb, uniq_sigmund, uniq_robin

Skill      XL: |  1  2  3  4 |
---------------+-------------+-----
Long Blades    | 4 5 |  5.6
Stealth        | 0 |  0.0
Fighting       | |  3.2
Dodging        | |  2.6

Action                   |  1- 3 |  4- 6 || total
-------------------------+-------+-------++-------
Melee: Falchion          |    82 |    86 ||   168
       Tailslap          |    11 |    13 ||    24
Invok: Sacrifice Stealth |     1 |       ||     1
  Use: Scroll            |       |     1 ||     1
 Stab: Sleeping          |     5 |       ||     5
       Paralysed         |     2 |       ||     2
Armor: Skin              |     9 |    39 ||    48
Dodge: Dodged            |    46 |    87 ||   133
       Rpst.: Falchion   |    15 |    28 ||    43

Table legend: (Time is in decaauts)
 A = Elapsed time spent in this place.
 B = Non-inter-level travel time spent in this place.
 C = Inter-level travel time spent in this place.
 D = Time resting spent in this place.
 E = Time spent auto-exploring this place.
 F = Levels seen in this place.
 G = Mean time per level.
                   A        B        C        D        E       F      G
               +--------+--------+--------+--------+--------+-----+--------+
         Total |   1936 |   1890 |     46 |      0 |   1526 |   3 |  645.3 |
       Dungeon |   1936 |   1890 |     46 |      0 |   1526 |   3 |  645.3 |
               +--------+--------+--------+--------+--------+-----+--------+

Top non-repeatable levels by time:
     D:1: 1005 daAuts
     D:2: 795 daAuts
     D:3: 135 daAuts
